PAA
ATHLETIC CLUB KC ACADEMY @ MERCER ISLAND SCREAMING EAGLES
09/14/2023
 
TOP OF THE 1ST
Athletic Club KC Academy batting - Pitching for Mercer Island Screaming Eagles : LHP Luis Torres
Pitching: LHP Luis Torres
Batting: SHB António Montés 0-0: Reached on Error, E8 (Flyball, 8LS)
Batting: RHB Allen Williams 0-0: Swinging Strike
0-1: Ball
1-1: Ball
2-1: SINGLE (Groundball, 6MD)
António Montés to second
Batting: LHB Manuel Domínguez 0-0: Ball
1-0: Ball
2-0: Ball
3-0: Base on Balls
António Montés to third
Allen Williams to second
Batting: RHB Chris Teague 0-0: Called Strike
0-1: Fly out, F8 (Flyball, 8LS)
Batting: RHB Manuel Canó 0-0: Ball
1-0: Called Strike
1-1: Ball
2-1: Called Strike
2-2: Ball
3-2: Base on Balls
António Montés scores
Allen Williams to third
Manuel Domínguez to second
Batting: RHB Bob Curry 0-0: Ball
1-0: Called Strike
1-1: Grounds into double play, 4-6-3 (Groundball, 4)
Top of the 1st over - 1 run(s), 1 hit(s), 1 error(s), 2 left on base; Athletic Club KC Academy 1 - Mercer Island 0
BOTTOM OF THE 1ST
Mercer Island Screaming Eagles batting - Pitching for Athletic Club KC Academy : LHP Xavier Navarro
Pitching: LHP Xavier Navarro
Batting: RHB Seon-keun Kim 0-0: Ball
1-0: Swinging Strike
1-1: Ground out 4-3 (Groundball, 4M)
Batting: RHB Shawn McCormack 0-0: Ball
1-0: Ball
2-0: Ball
3-0: Called Strike
3-1: Base on Balls
Batting: RHB Jason Ruffin 0-0: Ball
1-0: Ball
2-0: Called Strike
2-1: Swinging Strike
2-2: Ball
3-2: Grounds into double play, U4-3 (Groundball, 4)
Bottom of the 1st over - 0 run(s), 0 hit(s), 0 error(s), 0 left on base; Athletic Club KC Academy 1 - Mercer Island 0
TOP OF THE 2ND
Athletic Club KC Academy batting - Pitching for Mercer Island Screaming Eagles : LHP Luis Torres
Batting: SHB Fernando Luna 0-0: Called Strike
0-1: Ball
1-1: DOUBLE (Line Drive, 7LM)
Batting: RHB Larry Johnston 0-0: Called Strike
0-1: Foul Ball, location: 2F
0-2: Foul Ball, location: 2F
0-2: Ball
1-2: Ball
2-2: Fly out, F8 (Flyball, 8RM)
Batting: LHB Naohiro Sakai 0-0: Ball
1-0: Foul Ball, location: 2F
1-1: Foul Ball, location: 2F
1-2: Ball
2-2: Foul Ball, location: 2F
2-2: Strikes out swinging
Batting: SHB António Montés 0-0: Called Strike
0-1: Ground out 5-3 (Groundball, 5L)
Top of the 2nd over - 0 run(s), 1 hit(s), 0 error(s), 1 left on base; Athletic Club KC Academy 1 - Mercer Island 0
BOTTOM OF THE 2ND
Mercer Island Screaming Eagles batting - Pitching for Athletic Club KC Academy : LHP Xavier Navarro
Batting: RHB Leonardo Ramírez 0-0: Called Strike
0-1: Swinging Strike
0-2: Strikes out swinging
Batting: RHB P.J. O'Keefe 0-0: Called Strike
0-1: Foul Ball, location: 2F
0-2: Strikes out looking
Batting: SHB León Estrada 0-0: Ball
1-0: Foul Ball, location: 2F
1-1: Foul Ball, location: 2F
1-2: Foul Ball, location: 2F
1-2: Ground out 4-3 (Groundball, 4)
Bottom of the 2nd over - 0 run(s), 0 hit(s), 0 error(s), 0 left on base; Athletic Club KC Academy 1 - Mercer Island 0
TOP OF THE 3RD
Athletic Club KC Academy batting - Pitching for Mercer Island Screaming Eagles : LHP Luis Torres
Batting: RHB Allen Williams 0-0: Foul Ball, location: 2F
0-1: Ground out 4-3 (Groundball, 34)
Batting: LHB Manuel Domínguez 0-0: Called Strike
0-1: Fly out, F7 (Flyball, 7M)
Batting: RHB Chris Teague 0-0: Ball
1-0: Foul Ball, location: 2F
1-1: Ball
2-1: Ground out 6-3 (Groundball, 6)
Top of the 3rd over - 0 run(s), 0 hit(s), 0 error(s), 0 left on base; Athletic Club KC Academy 1 - Mercer Island 0
BOTTOM OF THE 3RD
Mercer Island Screaming Eagles batting - Pitching for Athletic Club KC Academy : LHP Xavier Navarro
Batting: RHB Luis Antonio Hernández 0-0: Ball
1-0: Foul Ball, location: 2F
1-1: Foul Ball, location: 2F
1-2: Ground out 6-3 (Groundball, 6)
Batting: RHB Mike Kelly 0-0: Ball
1-0: Called Strike
1-1: Swinging Strike
1-2: Fly out, F6 (Popup, 6)
Batting: RHB Dong-po Tien 0-0: Ball
1-0: Ball
2-0: Ball
3-0: Base on Balls
Batting: RHB Seon-keun Kim 0-0: Called Strike
0-1: Ball
1-1: Foul Ball, location: 2F
1-2: TRIPLE (Flyball, 78XD)
Dong-po Tien scores
Batting: RHB Shawn McCormack 0-0: Ball
1-0: Called Strike
1-1: Called Strike
1-2: Ball
2-2: Fly out, F6 (Popup, 6D)
Bottom of the 3rd over - 1 run(s), 1 hit(s), 0 error(s), 1 left on base; Athletic Club KC Academy 1 - Mercer Island 1
TOP OF THE 4TH
Athletic Club KC Academy batting - Pitching for Mercer Island Screaming Eagles : LHP Luis Torres
Batting: RHB Manuel Canó 0-0: Called Strike
0-1: Ground out 4-3 (Groundball, 4)
Batting: RHB Bob Curry 0-0: Ball
1-0: Ground out 6-3 (Groundball, 6MD)
Batting: SHB Fernando Luna 0-0: Ball
1-0: Ball
2-0: SINGLE (Groundball, 6M)
Batting: RHB Larry Johnston 0-0: Ball
1-0: Ball
2-0: SINGLE (Groundball, 56D)
Fernando Luna to second
Batting: LHB Naohiro Sakai 0-0: Ball
1-0: Foul Ball, location: 2F
1-1: Ball
2-1: Called Strike
2-2: Ball
3-2: Foul Ball, location: 2F
3-2: Ground out 1-3 (Groundball, 13)
Top of the 4th over - 0 run(s), 2 hit(s), 0 error(s), 2 left on base; Athletic Club KC Academy 1 - Mercer Island 1
BOTTOM OF THE 4TH
Mercer Island Screaming Eagles batting - Pitching for Athletic Club KC Academy : LHP Xavier Navarro
Batting: RHB Jason Ruffin 0-0: Ball
1-0: Ball
2-0: Hit by Pitch
Batting: RHB Leonardo Ramírez 0-0: Foul Ball, location: 2F
0-1: Called Strike
0-2: Ball
1-2: Strikes out swinging
Batting: RHB P.J. O'Keefe 0-0: Grounds into double play, 5-4-3 (Groundball, 56)
Bottom of the 4th over - 0 run(s), 0 hit(s), 0 error(s), 0 left on base; Athletic Club KC Academy 1 - Mercer Island 1
TOP OF THE 5TH
Athletic Club KC Academy batting - Pitching for Mercer Island Screaming Eagles : LHP Luis Torres
Batting: SHB António Montés 0-0: Called Strike
0-1: Swinging Strike
0-2: Strikes out swinging
Batting: RHB Allen Williams 0-0: Swinging Strike
0-1: Called Strike
0-2: Strikes out swinging
Batting: LHB Manuel Domínguez 0-0: Called Strike
0-1: Foul Ball, location: 2F
0-2: Ball
1-2: Ball
2-2: Ball
3-2: Foul Ball, location: 2F
3-2: Foul Ball, location: 2F
3-2: Fly out, F7 (Line Drive, 78M)
Top of the 5th over - 0 run(s), 0 hit(s), 0 error(s), 0 left on base; Athletic Club KC Academy 1 - Mercer Island 1
BOTTOM OF THE 5TH
Mercer Island Screaming Eagles batting - Pitching for Athletic Club KC Academy : LHP Xavier Navarro
Batting: SHB León Estrada 0-0: Called Strike
0-1: Foul Ball, location: 2F
0-2: SINGLE (Groundball, 56D)
Batting: RHB Luis Antonio Hernández 0-0: Sac Bunt - play at first, batter OUT! 1-3
León Estrada to second
Batting: RHB Mike Kelly 0-0: Ball
1-0: Called Strike
1-1: Called Strike
1-2: SINGLE (Line Drive, 89S)
León Estrada to third
Batting: RHB Dong-po Tien 0-0: Called Strike
0-1: Called Strike
0-2: SINGLE (Line Drive, 78S)
León Estrada scores
Mike Kelly to second
Mike Kelly to third
Batting: RHB Seon-keun Kim 0-0: Called Strike
0-1: Foul Ball, location: 2F
0-2: Ball
1-2: Strikes out swinging
Batting: RHB Shawn McCormack 0-0: Called Strike
Pickoff Throw to First - Out!
Bottom of the 5th over - 1 run(s), 3 hit(s), 0 error(s), 0 left on base; Athletic Club KC Academy 1 - Mercer Island 2
TOP OF THE 6TH
Athletic Club KC Academy batting - Pitching for Mercer Island Screaming Eagles : LHP Luis Torres
Batting: RHB Chris Teague 0-0: SINGLE (Line Drive, 7LS)
Batting: RHB Manuel Canó 0-0: Ball
1-0: Foul Ball, location: 2F
1-1: Called Strike
1-2: Ball
2-2: Ball
3-2: Base on Balls
Chris Teague to second
Batting: RHB Bob Curry 0-0: Sac Bunt - play at first, batter OUT! 1-4
Chris Teague to third
Manuel Canó to second
Batting: SHB Fernando Luna 0-0: Ball
1-0: Ground out 5-3 (Groundball, 56)
Batting: RHB Larry Johnston 0-0: Fly out, F9 (Flyball, 9M)
Top of the 6th over - 0 run(s), 1 hit(s), 0 error(s), 2 left on base; Athletic Club KC Academy 1 - Mercer Island 2
BOTTOM OF THE 6TH
Mercer Island Screaming Eagles batting - Pitching for Athletic Club KC Academy : LHP Xavier Navarro
Batting: RHB Shawn McCormack 0-0: Ball
1-0: Called Strike
1-1: Ball
2-1: Fly out, F5 (Popup, 5)
Batting: RHB Jason Ruffin 0-0: Ball
1-0: Foul Ball, location: 2F
1-1: Ball
2-1: Ball
3-1: Called Strike
3-2: Base on Balls
Batting: RHB Leonardo Ramírez 0-0: Grounds into double play, 6-4-3 (Groundball, 6)
Bottom of the 6th over - 0 run(s), 0 hit(s), 0 error(s), 0 left on base; Athletic Club KC Academy 1 - Mercer Island 2
TOP OF THE 7TH
Athletic Club KC Academy batting - Pitching for Mercer Island Screaming Eagles : LHP Luis Torres
Batting: LHB Naohiro Sakai 0-0: Ball
1-0: Swinging Strike
1-1: Called Strike
1-2: Ball
2-2: Foul Ball, location: 2F
2-2: SINGLE (Flyball, 89S)
Batting: SHB António Montés 0-0: Bunt missed!
0-1: Sac Bunt - play at first, batter OUT! 2-4
Naohiro Sakai to second
Batting: RHB Allen Williams 0-0: Ball
1-0: Foul Ball, location: 2F
1-1: Ball
2-1: Ball
3-1: Base on Balls
Pinch Hitting: RHB Maurice Quinn 0-0: Ball
1-0: Fly out, F7 (Line Drive, 7S)
Batting: RHB Chris Teague 0-0: Swinging Strike
0-1: Called Strike
0-2: Ball
1-2: Fly out, F8 (Popup, 89S)
Top of the 7th over - 0 run(s), 1 hit(s), 0 error(s), 2 left on base; Athletic Club KC Academy 1 - Mercer Island 2
BOTTOM OF THE 7TH
Mercer Island Screaming Eagles batting - Pitching for Athletic Club KC Academy : LHP Xavier Navarro
Now at 1B: Maurice Quinn
Batting: RHB P.J. O'Keefe 0-0: Ball
1-0: Called Strike
1-1: Foul Ball, location: 2F
1-2: Ball
2-2: Ground out 4-3 (Groundball, 4)
Pitching: RHP Carlos Acosta
Batting: SHB León Estrada 0-0: Fly out, F8 (Flyball, 8RM)
Batting: RHB Luis Antonio Hernández 0-0: SINGLE (Line Drive, 56D)
Pinch Hitting: LHB Nelson Plasenia 0-0: Called Strike
0-1: SINGLE (Flyball, 8RS)
Luis Antonio Hernández to second
Runner from 2nd tries for 3rd, SAFE, throw made to third
Batting: RHB Dong-po Tien 0-0: Ball
1-0: Called Strike
1-1: Foul Ball, location: 2F
1-2: Strikes out swinging
Bottom of the 7th over - 0 run(s), 2 hit(s), 0 error(s), 2 left on base; Athletic Club KC Academy 1 - Mercer Island 2
TOP OF THE 8TH
Athletic Club KC Academy batting - Pitching for Mercer Island Screaming Eagles : LHP Luis Torres
Now in CF: Ron Gérard
Batting: RHB Manuel Canó 0-0: Called Strike
0-1: Ground out 4-3 (Groundball, 4)
Batting: RHB Bob Curry 0-0: Ball
1-0: Foul Ball, location: 2F
1-1: Swinging Strike
1-2: Foul Ball, location: 2F
1-2: Foul Ball, location: 2F
1-2: Ball
2-2: Ball
3-2: Ground out 4-3 (Groundball, 4)
Batting: SHB Fernando Luna 0-0: Foul Ball, location: 2F
0-1: Ball
1-1: Foul Ball, location: 2F
1-2: Fly out, F8 (Flyball, 8RM)
Top of the 8th over - 0 run(s), 0 hit(s), 0 error(s), 0 left on base; Athletic Club KC Academy 1 - Mercer Island 2
BOTTOM OF THE 8TH
Mercer Island Screaming Eagles batting - Pitching for Athletic Club KC Academy : RHP Carlos Acosta
Batting: RHB Seon-keun Kim 0-0: Called Strike
0-1: Swinging Strike
0-2: Strikes out looking
Batting: RHB Shawn McCormack 0-0: Ball
1-0: Called Strike
1-1: SINGLE (Groundball, 6MD)
Batting: RHB Jason Ruffin 0-0: Ball
1-0: Called Strike
1-1: Called Strike
1-2: Ball
2-2: Grounds into double play, 4-6-3 (Groundball, 4)
Bottom of the 8th over - 0 run(s), 1 hit(s), 0 error(s), 0 left on base; Athletic Club KC Academy 1 - Mercer Island 2
TOP OF THE 9TH
Athletic Club KC Academy batting - Pitching for Mercer Island Screaming Eagles : LHP Luis Torres
Pitching: LHP Tomiji Saikawa
Pinch Hitting: RHB Frank Church 0-0: Fly out, F8 (Flyball, 8LXD)
Pinch Hitting: SHB Allen Williams 0-0: Ball
1-0: Foul Ball, location: 2F
1-1: Called Strike
1-2: Ground out 5-3 (Groundball, 56)
Pinch Hitting: RHB Leonardo Ortega 0-0: Ball
1-0: Ball
2-0: Called Strike
2-1: Ball
3-1: Base on Balls
Batting: RHB Allen Williams 0-0: Ball
1-0: Ball
2-0: 2-RUN HOME RUN (Flyball, 78D), Distance : 417 ft
Batting: RHB Maurice Quinn 0-0: Ball
1-0: Ball
2-0: Called Strike
2-1: Foul Ball, location: 2F
2-2: Ball
3-2: Fly out, F7 (Flyball, 7M)
Top of the 9th over - 2 run(s), 1 hit(s), 0 error(s), 0 left on base; Athletic Club KC Academy 3 - Mercer Island 2
BOTTOM OF THE 9TH
Mercer Island Screaming Eagles batting - Pitching for Athletic Club KC Academy : RHP Carlos Acosta
Pitching: LHP Tim Risinger
Now at SS: Frank Church
Now in LF: Eric Moore
Now in CF: William Williams
Batting: RHB Leonardo Ramírez 0-0: DOUBLE (Line Drive, 5L)
Pinch Hitting: RHB Logan Cole 0-0: Foul Ball, location: 2F
0-1: Ball
1-1: Ball
2-1: Foul Ball, location: 2F
2-2: DOUBLE (Flyball, 8LXD)
Leonardo Ramírez scores
Pinch Hitting: SHB Javier Gonzáles 0-0: DOUBLE (Line Drive, 9LS)
Logan Cole scores
This league is powered by Out of the Park Baseball, the baseball management simulation game for PC, Mac and Linux
Friday, July 8th, 2016 - OOTP Baseball 16.9 Build 39